 Dungeon Sprint DCSS version 0.20-a0-550-gf70bbbc (webtiles) character file.

4236 Borgoz the Cleaver (level 10, 0/105 HPs)
             Began as a Deep Dwarf Berserker on Feb 2, 2017.
             Was a High Priest of Trog.
             Slain by a spiny frog (13 damage)
             ... in the Dungeon (Sprint IX: "|||||||||||||||||||||||||||||").
             The game lasted 00:02:24 (572 turns).

Borgoz the Cleaver (Deep Dwarf Berserker)            Turns: 572, Time: 00:02:25

Health: 0/105      AC: 18    Str: 23    XL:     10   Next: 9%
Magic:  10/10      EV: 16    Int:  9    God:    Trog [*****.]
Gold:   0          SH:  0    Dex: 12    Spells: 9/9 levels left

rFire    . . .     SeeInvis .   a - +1 broad axe (chop)
rCold    . . .     Gourm    .   q - +1 chain mail
rNeg     . . .     Faith    .   (no shield)
rPois    .         Spirit   .   (no helmet)
rElec    .         Reflect  .   p - +0 cloak
rCorr    .         Harm     .   (no gloves)
MR       +....     NoTele   +   n - +0 pair of boots
Stlth    ..........             (no amulet)
Regen    0.0/turn               s - +2 ring of evasion
                                r - +2 ring of protection

@: lethally poisoned (0 -> 0), exhausted, non-regenerating, slowed, very slow
A: damage resistance, recharge devices, sense surroundings 2, slow regeneration
3
a: Heal Wounds, Berserk, Trog's Hand, Brothers in Arms, Burn Spellbooks,
Renounce Religion


You were in the Dungeon.
You worshipped Trog.
Trog was extremely pleased with you.
You were near starving.

You visited 1 branch

Inventory:

Hand Weapons
 a - a +1 broad axe of chopping (weapon)
 b - a +2 morningstar of protection
Armour
 n - a +0 pair of boots (worn)
 o - a +0 animal skin
 p - a +0 cloak (worn)
 q - a +1 chain mail (worn)
Jewellery
 r - a +2 ring of protection (left hand)
 s - a +2 ring of evasion (right hand)
Wands
 m - a wand of acid (7/15)
Scrolls
 i - 3 scrolls of blinking
 l - 4 scrolls of remove curse
 v - a scroll of fog
 w - a scroll of identify
 x - 2 scrolls of enchant armour
Potions
 d - 6 potions of curing
 e - 7 potions of heal wounds
 f - 2 potions of haste
 g - 4 potions of magic
 h - a potion of berserk rage
 k - a potion of invisibility
 t - a potion of brilliance
Books
 u - a book of Dreams

   Spells                             Type                      Level
   a - Ensorcelled Hibernation        Hexes/Ice                    2
   b - Silence                        Hexes/Air                    5
   c - Darkness                       Hexes                        6
   d - Shadow Creatures               Summoning                    6
   Trog disapproves of the use of such an item.
Comestibles
 c - 2 bread rations
 j - 3 chunks of flesh


   Skills:
 + Level 11.3 Fighting
 + Level 13.1 Axes
 + Level 13.0 Armour
 + Level 12.9 Dodging


You had 9 spell levels left.
You didn't know any spells.

Dungeon Overview and Level Annotations

Branches:
Dungeon (1/1)

Altars:
Cheibriados
Dithmenos
Elyvilon
Fedhas
Gozag
Hepliaklqana
Kikubaaqudgha
Makhleb
Nemelex Xobeh
Okawaru
Qazlal
Ru
Sif Muna
Trog
Uskayaw
Vehumet
Xom
Yredelemnul
Zin
The Shining One
Beogh
Jiyva
Lugonu


Innate Abilities, Weirdness & Mutations

You are resistant to damage.
You can recharge devices by infusing magical energy.
You passively map the area around you.
You do not regenerate.


Message History

The spiny frog misses you.
You closely miss the spiny frog. The spiny frog misses you.
The spiny frog stings you!
* * * LOW HITPOINT WARNING * * *
You hit the spiny frog.
The spiny frog is lightly wounded.
The spiny frog stings you but does no damage.
The porcupine twitches its whiskers.
The spiny frog stings you!
* * * LOW HITPOINT WARNING * * *
You completely miss the spiny frog.
The spiny frog is lightly wounded.
The spiny frog stings you!
* * * LOW HITPOINT WARNING * * *
You are poisoned.
The spiny frog poisons you!
You hit the spiny frog.
The spiny frog is lightly wounded.
The spiny frog barely misses you. The spiny frog stings you!
You die...

, , , ,
▓.▓.▓.▓ * ,
▓.▓.▓.▓ * ,
,* ▓.▓.▓'▓
* , *,
,▓.▓.▓÷▓
,*,
,▓.▓)▓.▓
,*, ,
,▓.▓.▓.▓ *
,▓.▓(▓.▓ ,
, +
*,*,▓[▓.▓.▓
, , ,
*,▓@▓.▓'▓
*, *,
▓F▓(▓_▓ *
▓H▓.▓_▓
▓r▓.▓_▓ , ,
* * ▓)▓.▓_▓
* * *,
▓†▓.▓_▓ * ,
*,▓.▓.▓_▓ ,
,* ▓.▓.▓_▓
, * ,*
▓.▓.▓_▓


You could see a hippogriff, a spiny frog and a porcupine.

Vanquished Creatures
  A hydra (D)
  A centaur warrior (D)
  A two-headed ogre (D)
  Urug (D)
  An ugly thing (D)
  A spiny frog (D)
  A troll (D)
  A hippogriff (D)
  A yak (D)
  A porcupine (D)
  2 bullfrogs (D)
  2 killer bees (D)
  A hound (D)
  An orc wizard (D)
  A worker ant (D)
  2 adders (D)
  A shadow imp (D)
  2 bats (D)
  A bat skeleton (D)
  A goblin (D)
  A hobgoblin (D)
  A quokka (D)
  A giant cockroach zombie (D)
  A leopard gecko skeleton (D)
  A rat (D)
29 creatures vanquished.

Notes
Turn   | Place    | Note
-------+----------+-------------------------------------------
     0 | D        | Borgoz the Deep Dwarf Berserker began the quest for the Orb.
     0 | D        | Reached XP level 1. HP: 20/20 MP: 1/1
    24 | D        | Reached ** piety under Trog
    49 | D        | Noticed a worker ant
    58 | D        | Reached XP level 2. HP: 28/28 MP: 2/2
    63 | D        | Reached *** piety under Trog
    63 | D        | Reached XP level 3. HP: 32/36 MP: 3/3
    79 | D        | Reached skill level 5 in Axes
    90 | D        | Found a roughly hewn altar of Beogh.
    90 | D        | Found a snail-covered altar of Cheibriados.
    90 | D        | Found a shadowy altar of Dithmenos.
    90 | D        | Found a white marble altar of Elyvilon.
    90 | D        | Found a blossoming altar of Fedhas.
    90 | D        | Found an opulent altar of Gozag.
    91 | D        | Found a hazy altar of Hepliaklqana.
    92 | D        | Found a viscous altar of Jiyva.
    93 | D        | Found an ancient bone altar of Kikubaaqudgha.
    94 | D        | Found a corrupted altar of Lugonu.
    95 | D        | Found a burning altar of Makhleb.
    96 | D        | Found a sparkling altar of Nemelex Xobeh.
    97 | D        | Found an iron altar of Okawaru.
    98 | D        | Found a stormy altar of Qazlal.
    99 | D        | Found a sacrificial altar of Ru.
   100 | D        | Found a deep blue altar of Sif Muna.
   101 | D        | Found a bloodstained altar of Trog.
   102 | D        | Found a hide-covered altar of Uskayaw.
   103 | D        | Found a radiant altar of Vehumet.
   104 | D        | Found a shimmering altar of Xom.
   105 | D        | Found a basalt altar of Yredelemnul.
   106 | D        | Found a glowing silver altar of Zin.
   107 | D        | Found a glowing golden altar of the Shining One.
   160 | D        | Noticed a two-headed ogre
   160 | D        | Noticed a troll
   160 | D        | Noticed a killer bee
   164 | D        | Killed a two-headed ogre
   164 | D        | Reached XP level 4. HP: 35/52 MP: 4/4
   164 | D        | Reached XP level 5. HP: 39/58 MP: 5/5
   164 | D        | Reached XP level 6. HP: 46/67 MP: 6/6
   164 | D        | Reached XP level 7. HP: 50/73 MP: 7/7
   170 | D        | Reached **** piety under Trog
   180 | D        | Killed a troll
   190 | D        | Reached skill level 10 in Axes
   194 | D        | Reached ***** piety under Trog
   335 | D        | Noticed a centaur warrior
   335 | D        | Noticed a white ugly thing
   347 | D        | Killed a centaur warrior
   347 | D        | Reached skill level 10 in Armour
   347 | D        | Reached skill level 10 in Dodging
   347 | D        | Reached XP level 8. HP: 85/85 MP: 8/8
   358 | D        | Killed a white ugly thing
   358 | D        | Gained mutation: You passively map the area around you. [Deep Dwarf growth]
   358 | D        | Reached XP level 9. HP: 63/93 MP: 9/9
   368 | D        | Reached skill level 10 in Fighting
   461 | D        | Noticed Urug
   471 | D        | Killed Urug
   528 | D        | Noticed a spiny frog
   528 | D        | Noticed a five-headed hydra
   531 | D        | Noticed a spiny frog
   534 | D        | Received a gift from Trog
   545 | D        | Killed a five-headed hydra
   551 | D        | Killed a spiny frog
   551 | D        | Reached XP level 10. HP: 94/104 MP: 10/10
   572 | D        | Slain by a spiny frog

Vault maps used:
D:        linesprint

Skill      XL: |  1  2  3  4  5  6  7  8  9 10 |
---------------+-------------------------------+-----
Fighting       | 3 4 7 9 11 | 11.3
Armour         | 3 4 9 10 11 12 13 | 13.0
Axes           | 4 9 11 12 13 | 13.1
Dodging        | 3 4 9 10 11 12 | 12.9

Action                   |  1- 3 |  4- 6 |  7- 9 | 10-12 || total
-------------------------+-------+-------+-------+-------++-------
Melee: Hand axe          |    60 |       |       |       ||    60
       Broad axe         |     4 |       |    74 |    16 ||    94
       Morningstar       |       |       |    14 |       ||    14
Invok: Trog's Hand       |     2 |       |     6 |       ||     8
       Berserk           |       |       |     3 |       ||     3
  Eat: Chunk             |       |       |     3 |       ||     3
Armor: Animal skin       |    11 |       |       |       ||    11
       Chain mail        |     1 |       |    63 |     8 ||    72
Dodge: Dodged            |    51 |       |    66 |    10 ||   127
